Map: Lerilak Crest

Players

Cole - Winner!

  • Race: Zerg Zerg
  • League: Platinum

Riotvale

  • Race: Terran Terran
  • League: Diamond

VOD

Have the link to the VOD?

Description

Time

  • Played on: Jan. 24, 2016, 9:02 p.m.
  • Length: 15:05
Show
View Real Time Build Order
Export as new Build Order

Cole Zerg - Winner!

Build Orders: Hatch First, Zergling Baneling 

Get SALT Encoding   

  12  0:01  Drone  
  13  0:12  Overlord  
  13  0:17  Drone  
  14  0:30  Drone x2  
  14  0:34  Drone  
  17  0:56  Hatchery  
  16  0:59  Drone  
  16  1:01  Extractor  
  16  1:03  Drone  
  17  1:09  Drone  
  18  1:22  Spawning Pool  
  17  1:29  Drone  
  18  1:37  Overlord  
  18  1:44  Drone  
  19  1:56  Drone  
  20  2:10  Queen x2  
  20  2:13  Metabolic Boost  
  20  2:14  Zergling x2  
  25  2:17  Zergling x2  
  26  2:24  Extractor  
  25  2:32  Drone x3  
  28  2:39  Zergling x2  
  28  2:42  Drone  
  30  2:55  Queen  
  30  2:57  Zergling x4  
  34  3:10  Baneling Nest  
  31  3:23  Drone x4  
  31  3:25  Overlord x3  
  35  3:44  Zergling x2  
  35  3:45  Zergling x10  
  41  4:00  Zergling x2  
  41  4:01  Zergling x14  
  46  4:46  Lair  
  46  4:58  Baneling x4  
  46  4:59  Baneling x4  
  47  5:00  Zergling x22  
  47  5:02  Hatchery  
  47  5:05  Overlord  
  56  5:10  Spore Crawler  
  55  5:15  Spore Crawler  
  55  5:17  Spore Crawler  
  44  5:41  Zergling x14  
  43  5:57  Drone x3  
  43  5:58  Drone x4  
  43  6:03  Overlord  
  45  6:26  Zergling x8  
  46  6:36  Zergling x12  
  46  6:37  Zergling x2  
  52  6:41  Queen  
  52  6:44  Zergling x6  
  55  6:57  Spire  
  55  6:58  Extractor  
  55  6:59  Extractor  
  55  7:00  Drone x2, Extractor  
  41  7:30  Drone x6  
  41  7:31  Drone x6  
  53  7:46  Drone x3  
  53  7:47  Overlord  
  56  7:51  Drone  
  56  7:58  Overlord x2  
  57  8:06  Drone  
  57  8:07  Drone  
  57  8:08  Drone x3, Overlord  
  62  8:28  Corruptor x4  
  62  8:33  Drone x5  
  62  8:34  Drone  
  76  8:41  Zerg Flyer Armor Level 1  
  76  8:44  Drone x2  
  76  8:45  Drone x3  
  81  8:57  Extractor  
  81  8:59  Extractor  
  81  9:00  Zergling x2  
  81  9:01  Zergling x18  
  84  9:16  Drone x3  
  87  9:17  Drone x3  
  87  9:18  Overlord  
  87  9:19  Zergling x2  
  91  9:29  Infestation Pit  
  90  9:39  Drone  
  90  9:41  Overlord x4  
  90  9:43  Hatchery  
  90  9:48  Zergling x14  
  90  9:49  Zergling x2  
  95  10:06  Hive, Corruptor  
  97  10:07  Evolution Chamber  
  96  10:17  Evolution Chamber  
  76  10:58  Zergling x24  
  76  10:59  Zergling x14  
  76  11:03  Queen  
  97  11:07  Zerg Ground Armor Level 1  
  97  11:13  Zerg Melee Weapons Level 1  
  97  11:15  Drone x6  
  97  11:16  Drone x4  
  99  11:39  Queen  
  93  11:41  Corruptor x2  
  93  11:42  Corruptor x5  
  107  11:49  Zergling x2  
  107  11:50  Zergling x8  
  112  12:00  Extractor  
  112  12:01  Greater Spire  
  111  12:02  Extractor  
  111  12:03  Corruptor  
  111  12:04  Corruptor x2, Ultralisk Cavern  
  115  12:17  Zergling x18  
  124  12:27  Drone x3  
  124  12:28  Drone x2  
  124  12:29  Drone  
  130  12:35  Corruptor x2  
  130  12:36  Corruptor x2  
  138  12:39  Zergling x2  
  138  12:40  Zergling x10  
  138  12:41  Hatchery  
  138  12:42  Overlord  
  141  13:09  Chitinous Plating  
  141  13:10  Ultralisk  
  141  13:11  Ultralisk x2  
  159  13:16  Overlord  
  159  13:17  Overlord x2  
  158  13:35  Brood Lord x4  
  158  13:39  Overlord x2  
Show
View Real Time Build Order
Export as new Build Order

Riotvale Terran 

Build Orders: Liberator Opening, Reaper Expand, Mech 

Get SALT Encoding   

  12  0:01  SCV  
  13  0:13  SCV  
  14  0:17  Supply Depot  
  14  0:25  SCV  
  15  0:39  SCV  
  15  0:41  Barracks  
  16  0:51  SCV, Refinery  
  17  1:03  SCV  
  18  1:15  SCV  
  19  1:28  Orbital Command  
  19  1:34  Reaper  
  20  1:43  Command Center  
  20  1:54  Supply Depot  
  20  1:55  SCV  
  21  2:07  SCV  
  21  2:08  Reaper  
  23  2:16  Refinery  
  23  2:19  SCV  
  24  2:29  Factory  
  24  2:50  SCV  
  25  2:58  Orbital Command  
  25  3:02  SCV, Barracks Tech Lab  
  26  3:07  Command Center  
  25  3:22  SCV  
  25  3:25  Hellion  
  25  3:26  Marine  
  28  3:30  Starport  
  28  3:33  SCV  
  29  3:34  SCV  
  30  3:45  SCV, Factory  
  30  3:46  Hellion, Marine  
  34  3:53  Liberator  
  34  3:55  Bunker  
  34  3:58  SCV  
  34  4:02  SCV  
  36  4:04  Marine  
  36  4:07  Hellion  
  39  4:10  SCV  
  39  4:15  SCV  
  44  4:22  Marine  
  38  4:34  Supply Depot  
  36  4:41  Liberator  
  36  4:45  Orbital Command  
  36  4:51  Hellion  
  38  4:56  SCV x2  
  38  4:59  Siege Tank  
  46  5:03  Barracks Reactor  
  46  5:08  SCV  
  46  5:09  SCV  
  46  5:11  SCV  
  49  5:17  Hellion  
  49  5:20  SCV  
  49  5:21  SCV  
  53  5:23  Armory  
  37  5:52  Hellion x2  
  36  6:08  Orbital Command  
  36  6:09  Supply Depot  
  36  6:10  Supply Depot  
  30  6:27  Hellion  
  32  6:35  Refinery  
  30  6:49  Factory  
  24  7:04  Liberator  
  23  7:20  Hellion  
  23  7:22  Marine  
  28  7:38  Refinery  
  28  7:39  Supply Depot  
  28  7:40  Supply Depot x2  
  28  7:42  Hellion  
  28  7:43  Orbital Command  
  31  7:48  SCV  
  31  7:50  Factory Tech Lab  
  31  7:51  Barracks Tech Lab  
  31  7:56  SCV  
  32  8:08  SCV  
  33  8:14  Starport Reactor  
  33  8:20  SCV  
  34  8:27  Hellion  
  34  8:28  Hellion  
  34  8:31  Barracks Tech Lab  
  34  8:33  SCV x3  
  41  8:48  Siege Tank  
  41  8:49  Engineering Bay  
  41  8:50  Hellion  
  46  8:56  Liberator  
  46  9:12  Hellion  
  46  9:13  SCV x2  
  53  9:17  Refinery  
  53  9:20  Refinery  
  53  9:25  SCV x2  
  55  9:32  Supply Depot x2  
  55  9:33  Supply Depot  
  55  9:35  Supply Depot  
  55  9:37  SCV x2  
  55  9:38  Planetary Fortress  
  57  9:49  SCV x2  
  59  9:58  Siege Tank  
  60  10:01  SCV  
  61  10:12  Supply Depot  
  61  10:13  Supply Depot x2  
  61  10:16  SCV  
  62  10:26  Liberator x2  
  65  10:54  SCV x3  
  65  11:09  Missile Turret  
  65  11:11  Hellion x2  
  69  11:15  Missile Turret x2  
  69  11:17  SCV  
  70  11:22  SCV x2  
  72  11:32  Hellion  
  73  11:33  Liberator  
  73  11:39  Liberator  
  73  11:43  SCV x2  
  73  11:44  SCV  
  76  11:48  Siege Tank  
  82  11:55  Refinery  
  86  12:05  Supply Depot  
  86  12:08  Supply Depot  
  85  12:11  Engineering Bay  
  85  12:15  SCV x2  
  87  12:17  Liberator  
  87  12:21  Infernal Pre-Igniter  
  87  12:25  SCV  
  87  12:27  SCV x2  
  90  12:33  Missile Turret  
  93  12:42  Hellion x2  
  98  12:44  SCV x2  
  98  12:45  SCV  
  100  13:04  Hellion x2  
  104  13:07  SCV x3  
  104  13:10  Factory  
  104  13:12  Factory  
  107  13:18  Starport  
  107  13:19  Starport  
  107  13:24  Liberator  
  107  13:26  Hellion  
  109  13:39  Siege Tank  
  115  14:13  Factory Tech Lab x2  
  115  14:16  Medivac x3  
Tags
 
Add a new tag
Caveats
  • Supply blocks, unpowered buildings, or Contaminate may cause inaccurate times.
  • Supply counts are checked every 10 seconds.